 Dungeon Crawl Stone Soup version 0.30-a0-824-g6c64550be9 (webtiles) character file.

Game seed: 4486538057898883334

62 cforsyth the Sneak (level 4, -6/27 HPs)
             Began as a Kobold Brigand on Feb 27, 2023.
             Killed by nerve-wracking pain
             ... invoked by Grinder
              (14 damage)
             ... on level 3 of the Dungeon.
             The game lasted 00:02:49 (1444 turns).

cforsyth the Sneak (Kobold Brigand)                 Turns: 1444, Time: 00:02:50

Health: -6/27      AC:  7    Str:  8    XL:     4   Next: 28%
Magic:  4/4        EV: 15    Int: 12    God:
Gold:   127        SH:  0    Dex: 18    Spells: 3/3 levels left

rFire   . . .      SeeInvis .    a - +2 dagger
rCold   . . .      Faith    .    (no shield)
rNeg    . . .      Spirit   .    b - +0 robe
rPois   .          Reflect  .    (no helmet)
rElec   .          Harm     .    c - +0 cloak
rCorr   .          Rampage  .    (no gloves)
Will    .....                    (no boots)
Stlth   ++++                     (no amulet)
HPRegen 0.24/turn                v - +4 ring of protection
MPRegen 0.09/turn                (no ring)

@: no status effects
A: small, no large weapons, nightstalker 3
a: no special abilities


You were on level 3 of the Dungeon.
You visited 1 branch of the dungeon, and saw 3 of its levels.

You collected 127 gold pieces.

Inventory:

Hand Weapons
 a - a +2 dagger (weapon)
 l - a +0 short sword of venom
Missiles
 d - 14 poisoned darts (quivered)
 e - 3 curare-tipped darts
Armour
 b - a +0 robe (worn)
 c - a +0 cloak (worn)
Jewellery
 v - a +4 ring of protection (left hand)
 y - a ring of willpower
Wands
 w - a wand of quicksilver (7)
Scrolls
 f - 2 scrolls of teleportation {unknown}
 g - a scroll of magic mapping {unknown}
 h - a scroll of vulnerability {unknown}
 i - a scroll of amnesia {unknown}
 j - 2 scrolls of fear {unknown}
 m - 3 scrolls of identify {unknown}
 n - a scroll of brand weapon {unknown}
 p - a scroll of fog {unknown}
 q - 2 scrolls of blinking {unknown}
 r - a scroll of torment {unknown}
 u - 2 scrolls of immolation {unknown}
Potions
 k - 4 potions of attraction {unknown}
 o - 2 potions of curing {unknown}
 s - a potion of ambrosia {unknown}
 t - a potion of mutation {unknown}
 x - 2 potions of brilliance {unknown}


   Skills:
 + Level 2.8 Fighting
 + Level 3.4 Short Blades
 + Level 2.9 Throwing
 + Level 2.2 Dodging
 + Level 5.8 Stealth


You had 3 spell levels left.
You didn't know any spells.
Your spell library contained the following spells:

 Spells                   Type           Power      Damage    Failure   Level
 Static Discharge         Conj/Air       0%         2-2/arc   45%         2
 Vhi's Electric Charge    Tloc/Air       0%         N/A       69%         3
 Arcjolt                  Conj/Air       0%         1d10      100%        5
 Lightning Bolt           Conj/Air       0%         1d11      100%        5


Dungeon Overview and Level Annotations

Branches:
Dungeon (3/15)

Altars:

Annotations:
D:3 Grinder


Innate Abilities, Weirdness & Mutations

You are small and have problems with some larger weapons.
You are completely attuned to the shadows.


Message History

You hit Grinder.
Grinder is almost dead.
Grinder hits you but does no damage.
You closely miss Grinder.
Grinder is almost dead.
Grinder hits you.
You writhe in agony.
You hit Grinder but do no damage.
Grinder is almost dead.
Grinder closely misses you.
You hit Grinder but do no damage.
Grinder is almost dead.
You hit Grinder.
Grinder is almost dead.
Grinder gestures at you.
You suddenly lose the ability to move!
Grinder completely misses you. Grinder gestures at you.
You resist with significant effort. Grinder hits you but does no damage.
Grinder hits you.
You can move again.
Unknown command.
Unknown command.
Unknown command.
Unknown command.
Unknown command.
Unknown command.
Unknown command.
You hit Grinder but do no damage.
Grinder is almost dead.
Grinder gestures at you. Pain shoots through your body!
Ouch! That really hurt!
* * * LOW HITPOINT WARNING * * *
You hit Grinder but do no damage.
Grinder is almost dead.
Grinder gestures at you. Pain shoots through your body!
Ouch! That really hurt!
You die...

.....######....
.#............##
...............##
................#
......##........###
.##..###..##+.....#
..........# +.....#
≈....##.. #.....#
##~...#>. #..@..#
≈≈#....# #...5.#
≈≈##...+ #######
#≈~...# ≈≈≈≈#...#
≈#≈##.#.# ≈≈≈#..#.#
#~#....# ##....###


You could see Grinder.

Vanquished Creatures
  2 adders (D:2)
  2 worms
  2 dart slugs
  5 endoplasms
  A giant cockroach (D:2)
  3 goblins
  3 hobgoblins
  A quokka (D:1)
  2 ball pythons
  5 bats
  2 frilled lizards
  A kobold (D:1)
  7 rats
36 creatures vanquished.

Notes
Turn   | Place    | Note
-------+----------+-------------------------------------------
     0 | D:1      | cforsyth the Kobold Brigand began the quest for the Orb.
     0 | D:1      | Reached XP level 1. HP: 12/12 MP: 1/1
   143 | D:1      | Reached XP level 2. HP: 18/18 MP: 2/2
   614 | D:1      | Reached XP level 3. HP: 21/22 MP: 3/3
  1064 | D:2      | Reached XP level 4. HP: 27/27 MP: 4/4
  1428 | D:3      | Noticed Grinder
  1438 | D:3      | Paralysed by Grinder for 4 turns
  1444 | D:3      | Killed from afar by Grinder

Illustrated notes

Levels and vault maps discovered:
D:1:      lemuel_arrival_cross, layout_loops_cross
D:2:      layout_basic
D:3:      layout_basic, lightli_temple_of_fire, gammafunk_ghost_arena,
          minivault_4, uniq_grinder, uniq_pargi, uniq_terence, uniq_jessica

Skill      XL: |  1  2  3 |
---------------+----------+-----
Short Blades   | 3 |  3.4
Dodging        | 2 |  2.2
Fighting       | |  2.8
Throwing       | |  2.9
Stealth        | |  5.8

Action                     |  1- 3 |  4- 6 || total
---------------------------+-------+-------++-------
  Melee: Dagger            |    55 |    29 ||    84
   Stab: Sleeping          |    20 |     5 ||    25
         Distracted        |       |     1 ||     1
 Armour: Robe              |     8 |     5 ||    13
  Dodge: Dodged            |    23 |     6 ||    29

Table legend: (Time is in decaauts)
 A = Elapsed time spent in this place.
 B = Non-inter-level travel time spent in this place.
 C = Inter-level travel time spent in this place.
 D = Time resting spent in this place.
 E = Time spent auto-exploring this place.
 F = Levels seen in this place.
 G = Mean time per level.
                   A        B        C        D        E       F      G
               +--------+--------+--------+--------+--------+-----+--------+
         Total |   1429 |   1391 |     38 |      0 |   1159 |   3 |  476.3 |
       Dungeon |   1429 |   1391 |     38 |      0 |   1159 |   3 |  476.3 |
               +--------+--------+--------+--------+--------+-----+--------+

Top non-repeatable levels by time:
     D:1: 736 daAuts
     D:2: 614 daAuts
     D:3: 79 daAuts
